 Dungeon Crawl Stone Soup version 0.16-a0-2611-g6d04fdd (console) character file.

71 Kellhus the Sneak (level 4, -15/30 HPs)
             Began as a Vampire Wizard on Nov 22, 2014.
             Killed by divine providence
             ... invoked by an orc priest
              (16 damage)
             ... on level 3 of the Dungeon.
             The game lasted 00:03:23 (2161 turns).

Kellhus the Sneak (Vampire Wizard)                  Turns: 2161, Time: 00:03:23

Health: -15/30     AC:  6    Str:  6    XL:     4   Next: 5%
Magic:  7/9        EV: 18    Int: 21    God:
Gold:   104        SH:  0    Dex: 17    Spells: 1 memorised, 8 levels left

rFire  . . .     SeeInvis +     l - -2 dagger (curse)
rCold  . . .     Clarity  .     a - +0 robe
rNeg   . . .     SustAb   .     (no shield)
rPois  .         Gourm    .     e - +1 helmet
rElec  .         Spirit   .     (no cloak)
rCorr  .         Warding  .     (no gloves)
rMut   .         Stasis   .     (no boots)
MR     .....                    (no amulet)
Stlth  ++++......               (no ring)
                                k - +2 ring of protection

@: agile, regenerating quickly, not resistant to hostile enchantments, stealthy
A: bottle blood, fangs 3, see invisible, unbreathing
a: no special abilities


You were on level 3 of the Dungeon.
You were very full.

You visited 1 branch of the dungeon, and saw 3 of its levels.

You collected 104 gold pieces.

Inventory:

Hand weapons
 l - a cursed -2 dagger (weapon)
Armour
 a - a +0 robe (worn)
 b - a +0 hat
 e - a +1 helmet (worn)
Jewellery
 k - a +2 ring of protection (left hand)
Scrolls
 f - 4 scrolls of identify {unknown}
 h - a scroll of noise {unknown}
 i - 2 scrolls of remove curse {unknown}
 j - 2 scrolls of enchant weapon {unknown}
Potions
 d - a potion of blood
Books
 c - a book of Minor Magic

   Spells                             Type                      Level
   *Magic Dart                        Conjuration                  1
   Blink                              Translocation                2
   Call Imp                           Summoning                    2
   Repel Missiles                     Charms/Air                   2
   Slow                               Hexes                        2
   Conjure Flame                      Conjuration/Fire             3
   Mephitic Cloud                     Conjuration/Poison/Air       3


   Skills:
 - Level 2.1 Dodging
 - Level 3.0 Stealth
 - Level 3.0 Spellcasting
 + Level 2.9 Conjurations
   Level 1.0 Summonings
   Level 0.7 Translocations


You had 8 spell levels left.
You knew the following spells:

 Your Spells              Type           Power        Failure   Level  Hunger
a - Magic Dart            Conj           ###.         4%          1    None


Dungeon Overview and Level Annotations

Branches:
Dungeon (3/15)

Altars:
Nemelex Xobeh


Innate Abilities, Weirdness & Mutations

Your natural rate of healing is unusually fast.
You can bottle blood from corpses.
You have razor-sharp teeth.
You have supernaturally acute eyesight.
You can survive without breathing.


Message History

The orc priest invokes the aid of Beogh against you.
Something smites you!
A kobold comes into view.
The orc priest calls down the wrath of Beogh upon you.
Something smites you!
The orc priest invokes the aid of Beogh against you.
Pain shoots through your body!
* * * LOW HITPOINT WARNING * * *
The orc priest mumbles some strange prayers to Beogh against you.
Pain shoots through your body!
* * * LOW HITPOINT WARNING * * *
Read which item? (? for menu, Esc to quit)
Okay, then.
Drink which item? (? for menu, Esc to quit)
You feel agile all of a sudden.
It was a potion of agility.
The orc priest invokes the aid of Beogh against you.
Something smites you!
Ouch! That really hurt!
You die...

#...##.#####.#
#..........o.#
#...##..#.#..###.##
####.####.#..o......#
#.......#......###.##
#.##.##.#.##..## #.#
#.##.##.#.....## #.#
##....##.##.....# #.#
#......#.##..@..# #.#
#........##.....# #.#
#.#.##.####.....# #.#
#.#....# #.....###.## #
####.###########.#.####
#...........# #.###...#
#.......#.###.####.#<##.#
###.##..#.###)......###.#
#. #.............####.#


You could see 2 orc priests.

Vanquished Creatures
  Jessica (D:3)
  2 adders
  2 giant geckos (D:1)
  An ooze (D:1)
  7 bats
  A giant cockroach (D:1)
  5 hobgoblins
  6 kobolds
  3 giant newts (D:1)
  5 goblins
  A quokka (D:2)
  4 rats
38 creatures vanquished.

Notes
Turn   | Place    | Note
--------------------------------------------------------------
     0 | D:1      | Kellhus, the Vampire Wizard, began the quest for the Orb.
     0 | D:1      | Reached XP level 1. HP: 13/13 MP: 4/4
    90 | D:1      | Reached skill level 1 in Conjurations
   375 | D:1      | Reached XP level 2. HP: 19/19 MP: 3/6
   865 | D:1      | Found a sparkling altar of Nemelex Xobeh.
  1555 | D:2      | Reached XP level 3. HP: 24/24 MP: 3/7
  1961 | D:3      | Noticed Jessica
  1991 | D:3      | Killed Jessica
  2094 | D:3      | Reached XP level 4. HP: 28/30 MP: 3/9
  2159 | D:3      | HP: 1/30 [orc priest/nerve-wracking pain (3)]
  2161 | D:3      | Killed from afar by an orc priest

Action                   |  1- 3 |  4- 6 || total
-------------------------+-------+-------++-------
Melee: Unarmed           |     5 |       ||     5
       Dagger            |    14 |       ||    14
 Cast: Magic Dart        |   103 |     4 ||   107
  Use: Potion            |       |     1 ||     1
  Eat: Corpse            |    12 |       ||    12
